AoeStats
← Дитя Войны

Arena

510736514Analyzed
1v1 RM · 11h ago on Oct 2, 2026· 34m 39s· 2 players
Game mode
Random Map
Map size
Tiny (2 player)
Population
200
Speed
Normal
Resources
Standard
Victory
Conquest
Starting age
Dark Age
Ending age
Imperial Age
RankedLock teamsTeams togetherTeam positionsShared explorationLock speedFull tech treeHidden civsTurbo modeCheats
Victory
Defeat
🇷🇺 Poles · Russia
1096
+18
🇨🇱 Khmer · Chile
1130
-18
Дитя Войны
11:54 Feudal Age
15:37 Castle Age
14:10 Horse Collar
14:44 Double-Bit Axe
15:05 Loom
16:56 Bow Saw
21:06 Town Watch
24:38 Gold Mining
25:37 Fletching
27:48 Bodkin Arrow
29:08 Wheelbarrow
29:53 Ballistics
29:14 Treadmill Crane
33:35 Imperial Age
31:24 Hand Cart
32:05 Szlachta Privileges
32:09 Squires
33:01 Pikeman
34:45 Conscription
NPG | CanuTo SionisTa
10:26 Feudal Age
14:50 Castle Age
13:59 Horse Collar
14:12 Double-Bit Axe
19:12 Stone Mining
19:22 Loom
21:14 Gold Mining
22:08 Wheelbarrow
23:38 Bow Saw
27:49 Imperial Age
25:55 Heavy Plow
28:54 Gold Shaft Mining
29:09 Conscription
28:59 Elite Battle Elephant
29:59 Bloodlines
29:49 Husbandry
29:36 Capped Ram
31:42 Stone Shaft Mining
31:30 Scale Barding Armor
31:35 Forging
31:07 Siege Ram
32:49 Hand Cart
33:44 Chain Barding Armor
Connection lost

Rejoining the realm…

Still unreachable

The connection could not be restored.

Session expired

The server has moved on; the page needs a fresh start.